 Dungeon Crawl Stone Soup version 0.30.0-11-gf55b779eaf (webtiles) character file.

Game seed: 14519203732053117536

731939 sasquatch the Petrodigitator (level 27, -4/179 HPs)
             Began as a Gargoyle Earth Elementalist on May 16, 2023.
             Was the Champion of Vehumet.
             Slain by Edghuetibb the pandemonium lord (14 damage)
             ... on level 23 of a ziggurat.
             The game lasted 04:41:29 (83564 turns).

sasquatch the Petrodigitator (GrEE)                Turns: 83564, Time: 04:41:30

Health: -4/179     AC: 46    Str: 18    XL:     27
Magic:  47/47      EV: 16    Int: 43    God:    Vehumet [******]
Gold:   5344       SH: 14    Dex: 17    Spells: 6/66 levels left

rFire   + + +        b - +3 Elemental Staff {rElec rF+ rC+ AC+3}
rCold   + + +        n - +0 kite shield {reflect}
rNeg    + + +        r - +1 ring mail of Melancholy {Drain rElec Dex+2 SInv}
rPois   ∞            t - +1 hat "Estryc" {rPois rC+ rN+ Str+2}
rElec   +            W - +3 cloak of Ompom {rPois rF++ rC+++ Stlth-}
rCorr   +            T - +2 pair of gloves {Str+3}
SInv    +            G - +1 pair of boots of Jioc {Int+7}
Will    +++..        I - amulet of magic regeneration
Stlth   +            v - ring "Zabilleo" {rN+ Will+ Int+3 Dex+5 Slay-5}
HPRegen 0.49/turn    J - ring of the Gloaming {Fire rCorr Int+4}
MPRegen 0.70/turn

%: reflection
@: mighty, flying, hasted and slowed, constricted, studying 5 skills, silenced
A: sickness immunity, AC +20, big wings, negative energy resistance 1,
electricity resistance, torment resistance 1, petrification resistance, talons
1, wild magic 1
}: 5/15 runes: decaying, serpentine, slimy, silver, abyssal
a: Renounce Religion


You were on level 23 of a ziggurat.
You worshipped Vehumet.
Vehumet was exalted by your worship.
You visited 10 branches of the dungeon, and saw 52 of its levels.
You visited the Abyss 1 time.
You visited 1 bazaar.
You visited 1 ziggurat, and saw 23 of its levels.
You also visited: Ossuary, Bailey, Gauntlet and Wizlab.

You collected 13203 gold pieces.
You spent 7859 gold pieces at shops.

Inventory:

Hand Weapons
 a - the +6 whip "Worm" {flame, Will+}
   (You found it on level 9 of the Dungeon)

   Will:      It increases your willpower.
 b - the +3 Elemental Staff (weapon) {rElec rF+ rC+ AC+3}
   (You found it on level 2 of a ziggurat)

   It enhances your fire, ice, earth and air magic.
   AC:        It affects your AC (+3).
   rF:        It protects you from fire.
   rC:        It protects you from cold.
   rElec:     It insulates you from electricity.
Armour
 e - the +1 helmet of Weightlessness {+Inv rC+ Int+3}
   (You found it on level 14 of the Dungeon)

   Int:       It affects your intelligence (+3).
   rC:        It protects you from cold.
   +Inv:      It lets you turn invisible.
 j - the +4 faerie dragon scales {Rampage rCorr}
   (You took it off the Enchantress on level 4 of the Depths)

   rCorr:     It protects you from acid and corrosion.
   Rampage:   It bestows one free step when moving towards enemies.
 n - a +0 kite shield of reflection (worn)
 r - the +1 ring mail of Melancholy (worn) {Drain rElec Dex+2 SInv}
   (You found it on level 18 of a ziggurat)

   Dex:       It affects your dexterity (+2).
   rElec:     It insulates you from electricity.
   SInv:      It lets you see invisible.
   Drain:     It drains your maximum health when unequipped.
 t - the +1 hat "Estryc" (worn) {rPois rC+ rN+ Str+2}
   (You acquired it on level 9 of a ziggurat)

   Str:       It affects your strength (+2).
   rC:        It protects you from cold.
   rPois:     It protects you from poison.
   rN:        It protects you from negative energy.
 B - a +0 tower shield of resistance
 G - the +1 pair of boots of Jioc (worn) {Int+7}
   (You found it on level 4 of the Snake Pit)

   Int:       It affects your intelligence (+7).
 L - the +5 scale mail of the Unbroken {+Inv rElec Int+6}
   (You found it on level 5 of the Pits of Slime)

   Int:       It affects your intelligence (+6).
   rElec:     It insulates you from electricity.
   +Inv:      It lets you turn invisible.
 N - a +2 robe of willpower
 S - the +2 pair of gloves of Cocytus {rPois rF- Int+5}
   (You found it on level 20 of a ziggurat)

   Int:       It affects your intelligence (+5).
   rF:        It makes you vulnerable to fire.
   rPois:     It protects you from poison.
 T - a +2 pair of gloves of strength (worn)
 W - the +3 cloak of Ompom (worn) {rPois rF++ rC+++ Stlth-}
   (You found it on level 10 of the Dungeon)

   rF:        It greatly protects you from fire.
   rC:        It renders you almost immune to cold.
   rPois:     It protects you from poison.
   Stlth:     It makes you less stealthy.
Magical Staves
 P - the staff of earth "Qoheiv" {+Blink Will+ Dex+2}
   (You found it on level 4 of a ziggurat)

   [staff of earth]

   Base accuracy: +5 Base damage: 5 Base attack delay: 1.2 This weapon's minimum
   attack delay (0.6) is reached at skill level 12.
   Dex:       It affects your dexterity (+2).
   +Blink:    It lets you blink.
   Will:      It increases your willpower.
   It falls into the 'Staves' category.
   It is a one-handed weapon.
 U - the staff of conjuration "Bojets" {Str+5 Int+4 Stlth+}
   (You found it on level 3 of the Elven Halls)

   [staff of conjuration]

   Base accuracy: +5 Base damage: 5 Base attack delay: 1.2 This weapon's minimum
   attack delay (0.6) is reached at skill level 12.
   Str:       It affects your strength (+5).
   Int:       It affects your intelligence (+4).
   Stlth:     It makes you more stealthy.
   It falls into the 'Staves' category.
   It is a one-handed weapon.
Jewellery
 q - the ring "Pigahuh" {rC+ rCorr EV+5}
   (You found it on level 22 of a ziggurat)

   [ring of evasion]

   EV:        It affects your evasion (+5).
   rC:        It protects you from cold.
   rCorr:     It protects you from acid and corrosion.
 v - the ring "Zabilleo" (left hand) {rN+ Will+ Int+3 Dex+5 Slay-5}
   (You bought it in a shop on level 2 of the Depths)

   [ring of willpower]

   Int:       It affects your intelligence (+3).
   Dex:       It affects your dexterity (+5).
   Slay:      It affects your accuracy & damage with ranged weapons and melee
   (-5).
   rN:        It protects you from negative energy.
   Will:      It increases your willpower.
 F - the ring "Feurury" {rElec rN+ MP+9 Str-2 Int+3}
   (You found it on level 16 of a ziggurat)

   [ring of magical power]

   Str:       It affects your strength (-2).
   Int:       It affects your intelligence (+3).
   rElec:     It insulates you from electricity.
   rN:        It protects you from negative energy.
   MP:        It affects your magic capacity (+9).
 I - an amulet of magic regeneration (around neck)
 J - the ring of the Gloaming (right hand) {Fire rCorr Int+4}
   (You found it on level 20 of a ziggurat)

   [ring of fire]

   It enhances your fire magic.
   Int:       It affects your intelligence (+4).
   rF:        It protects you from fire.
   rC:        It makes you vulnerable to cold.
   rCorr:     It protects you from acid and corrosion.
 K - a ring of resist corrosion
 Y - the ring of Terra Nullius {Contam rC+ Dex+3 SInv}
   (You found it in a Gauntlet)

   [ring of protection from cold]

   Dex:       It affects your dexterity (+3).
   rC:        It protects you from cold.
   SInv:      It lets you see invisible.
   Contam:    It causes magical contamination when unequipped.
Wands
 g - a wand of iceblast (63)
 u - a wand of digging (31)
 H - a wand of light (50)
Scrolls
 c - 16 scrolls of teleportation
 d - 7 scrolls of silence
 f - 21 scrolls of fog
 i - 9 scrolls of magic mapping
 k - 8 scrolls of summoning
 p - 4 scrolls of brand weapon
 x - 19 scrolls of enchant armour
 y - 8 scrolls of fear
 M - 13 scrolls of immolation
 Q - 9 scrolls of blinking
 R - 6 scrolls of amnesia
 X - 14 scrolls of enchant weapon
Potions
 h - 5 potions of berserk rage
 l - 3 potions of haste
 m - 23 potions of curing
 o - 8 potions of attraction
 w - 4 potions of magic
 z - 20 potions of mutation
 A - 10 potions of might
 C - 2 potions of invisibility
 D - 3 potions of brilliance
 E - 4 potions of ambrosia
 O - 10 potions of lignification
 V - 5 potions of resistance
 Z - 2 potions of cancellation


   Skills:
 - Level 20.0 Fighting
 + Level 19.0 Armour
 - Level 16.0 Dodging
 - Level 2.1 Stealth
 - Level 16.0 Shields
 - Level 20.0 Spellcasting
 - Level 24.0 Conjurations
 - Level 6.0 Translocations
 - Level 6.0 Transmutations
 - Level 24.0 Fire Magic
 O Level 27 Earth Magic


You had 6 spell levels left.
You knew the following spells:

 Your Spells              Type           Power      Damage    Failure   Level
a - Ignition              Fire           99%        3d25      1%          8
c - Iron Shot             Conj/Erth      87%        9d16      1%          6
d - Shatter               Erth           88%        3d64*     1%          9
e - Iskenderun's Mystic   Conj/Tloc      100%       2d19      1%          4
f - Irradiate             Conj/Tmut      61%        3d32      1%          5
g - Lee's Rapid Deconstr  Erth           88%        3d39*     1%          5
i - Lehudib's Crystal Sp  Conj/Erth      87%        10d19     1%          8
j - Blink                 Tloc           100%       N/A       1%          2
k - Passage of Golubria   Tloc           89%        N/A       1%          4
l - Fire Storm            Conj/Fire      99%        8d25      2%          9

Your spell library contained the following spells:

 Spells                   Type           Power      Damage    Failure   Level
 Apportation              Tloc           100%       N/A       1%          1
 Beastly Appendage        Tmut           100%       N/A       1%          1
 Foxfire                  Conj/Fire      100%       2x1d9     1%          1
 Magic Dart               Conj           100%       1d8       1%          1
 Sandblast                Erth           100%       2d20      1%          1
 Sting                    Tmut/Pois      100%       1d8       1%          1
 Lesser Beckoning         Tloc           100%       N/A       1%          2
 Momentum Strike          Conj/Tloc      100%       3d10      1%          2
 Passwall                 Tmut/Erth      100%       N/A       1%          2
 Poisonous Vapours        Pois/Air       100%       N/A       1%          2
 Scorch                   Fire           100%       2d9       1%          2
 Searing Ray              Conj           100%       2d8       1%          2
 Wereblood                Tmut           89%        N/A       1%          2
 Dazzling Flash           Conj/Hex       100%       N/A       1%          3
 Frozen Ramparts          Ice            100%       1d16      1%          3
 Gell's Gravitas          Tloc           89%        N/A       1%          3
 Hailstorm                Conj/Ice       100%       3d20      1%          3
 Ignite Poison            Fire/Tmut/Pois 100%       N/A       1%          3
 Inner Flame              Hex/Fire       100%       N/A       1%          3
 Mephitic Cloud           Conj/Pois/Air  100%       N/A       1%          3
 Stone Arrow              Conj/Erth      100%       3d13      1%          3
 Teleport Other           Tloc           89%        N/A       1%          3
 Volatile Blastmotes      Fire/Tloc      100%       2d18      1%          3
 Animate Armour           Summ/Erth      100%       N/A       1%          4
 Flame Wave               Conj/Fire      100%       2d21      1%          4
 Fulminant Prism          Conj/Hex       56%        3d25      1%          4
 Leda's Liquefaction      Hex/Erth       71%        N/A       1%          4
 Manifold Assault         Tloc           89%        N/A       1%          4
 Petrify                  Tmut/Erth      100%       N/A       1%          4
 Sticky Flame             Conj/Fire      100%       2d11      1%          4
 Arcjolt                  Conj/Air       68%        1d78      1%          5
 Borgnjor's Vile Clutch   Necr/Erth      71%        N/A       1%          5
 Fireball                 Conj/Fire      99%        3d36      1%          5
 Freezing Cloud           Conj/Ice/Air   72%        6-21      1%          5
 Iskenderun's Battlesphe  Conj           100%       2d15      1%          5
 Conjure Ball Lightning   Conj/Air       68%        3x3d25    1%          6
 Plasma Beam              Fire/Air       94%        2x1d124   1%          6
 Starburst                Conj/Fire      99%        6d25      1%          6
 Necrotise                Necr           100%       1d9       2%          1
 Slow                     Hex            100%       N/A       2%          1
 Summon Small Mammal      Summ           100%       N/A       2%          1
 Portal Projectile        Hex/Tloc       100%       N/A       2%          3
 Spider Form              Tmut/Pois      73%        N/A       2%          3
 Vhi's Electric Charge    Tloc/Air       100%       N/A       2%          3
 Call Imp                 Summ           100%       N/A       3%          2
 Ensorcelled Hibernation  Hex/Ice        100%       N/A       3%          2
 Olgreb's Toxic Radiance  Pois           54%        N/A       4%          4
 Blade Hands              Tmut           44%        N/A       4%          5
 Call Canine Familiar     Summ           54%        N/A       5%          3
 Confusing Touch          Hex            54%        N/A       5%          3
 Ozocubu's Armour         Ice            71%        N/A       5%          3
 Summon Guardian Golem    Hex/Summ       54%        N/A       5%          3
 Swiftness                Air            71%        N/A       5%          3
 Vampiric Draining        Necr           54%        2d9       5%          3
 Ice Form                 Ice/Tmut       94%        N/A       5%          4
 Alistair's Intoxication  Tmut/Pois      48%        N/A       13%         5
 Summon Forest            Summ/Tloc      36%        N/A       13%         5
 Anguish                  Hex/Necr       27%        N/A       16%         4
 Animate Dead             Necr           54%        N/A       16%         4
 Cause Fear               Hex            27%        N/A       16%         4
 Summon Ice Beast         Ice/Summ       71%        N/A       16%         4
 Eringya's Noxious Bog    Tmut/Pois      36%        N/A       17%         6
 Dispersal                Tloc           44%        N/A       21%         6
 Agony                    Necr           54%        N/A       38%         5
 Metabolic Englaciation   Hex/Ice        35%        N/A       38%         5
 Silence                  Hex/Air        35%        N/A       38%         5
 Summon Mana Viper        Hex/Summ       54%        N/A       38%         5
 Death Channel            Necr           27%        N/A       90%         6
 Simulacrum               Ice/Necr       35%        N/A       90%         6
 Summon Cactus Giant      Summ           27%        N/A       90%         6
 Orb of Destruction       Conj           72%        9d17      1%          7
 Spellforged Servitor     Conj/Summ      56%        N/A       3%          7
 Dragon Form              Tmut           44%        N/A       71%         7
 Chain Lightning          Conj/Air       68%        3d91      90%         9
 Ozocubu's Refrigeration  Ice            35%        4d15      92%         7
 Malign Gateway           Summ/Tloc      36%        N/A       97%         7
 Storm Form               Tmut/Air       47%        N/A       97%         7
 Enfeeble                 Hex            27%        N/A       100%        7
 Monstrous Menagerie      Summ           27%        N/A       100%        7
 Summon Hydra             Summ           27%        N/A       100%        7
 Discord                  Hex            27%        N/A       100%        8
 Disjunction              Tloc           44%        N/A       100%        8
 Maxwell's Capacitive Co  Air            35%        ∞         100%        8
 Necromutation            Tmut/Necr      36%        N/A       100%        8
 Summon Horrible Things   Summ           27%        N/A       100%        8
 Dragon's Call            Summ           27%        N/A       100%        9
 Polar Vortex             Ice            35%        N/A       100%        9


Dungeon Overview and Level Annotations

Branches:
Dungeon (15/15)            Temple (0/1) D:5            Lair (5/5) D:10
  Swamp (4/4) Lair:3        Snake (4/4) Lair:2        Slime (5/5) Lair:4
    Orc (2/2) D:11            Elf (3/3) Orc:2        Vaults (5/5) D:14
  Crypt (0/3) Vaults:3     Depths (4/4) D:15            Zot (5/5) Depths:4
Ossuary (visited)          Bailey (visited)          WizLab (visited)
Gauntlet (visited)

Altars:
Ashenzari
Cheibriados
Dithmenos
Elyvilon
Fedhas
Hepliaklqana
Kikubaaqudgha
Makhleb
Nemelex Xobeh
Okawaru
Qazlal
Ru
Trog
Uskayaw
Vehumet
Xom
Zin
The Shining One

Shops:
D:2 (   D:9 ?   D:11 **   D:15 *   Orc:1 =[   Orc:2 *?*!   Snake:2 ((*(?
Vaults:2 *   Vaults:3 ?   Vaults:5 !   Depths:1 =?**   Depths:2 *[
Depths:4 [=!(=

Portals:
Hell: Depths:1 Depths:2 Depths:3 Depths:4
Abyss: Depths:3
Pandemonium: Depths:1 Depths:2 Depths:4

Annotations:
D:8 1 runed translucent door
Swamp:1 Roxanne
Snake:1 Asterion
Snake:3 Vashnia


Innate Abilities, Weirdness & Mutations

You are immune to sickness and miasma.
Your stone body is resilient. (AC +20)
You are immune to poison.
Your large and strong wings let you fly.
You resist negative energy. (rN+)
You are resistant to electric shocks. (rElec)
You are resistant to unholy torment.
You are immune to petrification.
You have sharp toenails.
Your spells are a little harder to cast, but a little more powerful.


Message History

Okay, then.
Aiming: Bolt of Light
Press: ? - help, Shift-Dir - straight line, f/p - Fes Enuz
Aim: Fes Enuz, armed with a venomous touch (black smoke, silenced, heavily wounded, strong, unusually agile, slightly transparent, unaffected by silence, blind, 19% to hit)
The bolt of light hits Leatwiam!
Leatwiam is lightly wounded.
The bolt of light misses Fes Enuz.
The rockslime quivers.
The Killer Klown is no longer moving quickly.
Nidias no longer looks unusually strong.
Leatwiam is no longer blind.
Edghuetibb is no longer blind.
The tentacled monstrosity is no longer blind.
Leatwiam snaps closed at you but does no damage.
A broodmother comes into view.
Edghuetibb barely misses you.
The tentacled monstrosity tentacle-slaps you but does no damage.
You block the tentacled monstrosity's attack.
The tentacled monstrosity tentacle-slaps you.
* * * LOW HITPOINT WARNING * * *
The tentacled monstrosity constricts you.
* * * LOW HITPOINT WARNING * * *
Okay, then.
Aiming: Bolt of Light
Press: ? - help, Shift-Dir - straight line, f - tentacled monstrosity, p - Fes Enuz
Aim: a tentacled monstrosity (black smoke, silenced, heavily wounded, constricting you, summoned, 90% to hit)
The bolt of light hits the tentacled monstrosity!
The tentacled monstrosity is heavily wounded.
The tentacled monstrosity is blinded.
The bolt of light hits Nidias!
Nidias is lightly wounded.
Nidias is blinded.
You are engulfed in seething chaos.
You feel yourself slow down.
Fes Enuz is no longer blind.
Nidias is no longer unusually agile.
The wraith is no longer blind.
The large abomination is no longer blind.
Edghuetibb hits you!!
* * * LOW HITPOINT WARNING * * *
You block the wraith's attack.
You feel better.
You are engulfed in seething chaos.
You feel very mighty all of a sudden.
You flicker back into view.
Leatwiam completely misses you. Edghuetibb hits you!
You die...

▓▓............§§...
▓▓................
▓▓..........s.bG.
▓▓.....X.X..&t.&
▓▓..X&W.OJ.....
▓▓XWW&&ptW....
▓▓WWX&&§§...v
▓▓W&X&§....
▓▓@&&X....
▓▓▓▓▓▓▓▓▓


You could see Acriburo (fast, agile, resistant), Edghuetibb (strong, resistant,
unsilenced), Ehubb (agile), Fes Enuz (strong, agile, invisible, unsilenced),
Leatwiam (fast, clouds), Nidias (fast, unsilenced, blind), Uczi (strong,
unsilenced), Xasam (fast, unsilenced, blind), Zaypautu (strong, silencing,
unsilenced), a Killer Klown (unsilenced, drained), a broodmother (strong,
unsilenced), 2 tentacled monstrosities, a rockslime, a two-headed ogre (fast,
blind), 4 large abominations, 2 freezing wraiths and 4 wraiths.

Vanquished Creatures
  the Royal Jelly (Slime:5)
  11 dread liches
  Tiamat (Zot:3)
  2 orbs of fire (Zot:5)
  13 pandemonium lords
  6 ancient liches
  Mennas (Vaults:2)
  3 royal mummies (Zig:13)
  Margery (Depths:3)
  Frederick (Depths:3)
  10 Killer Klowns
  Parghit (Depths:3)
  Bai Suzhen (Snake:3)
  the Lernaean hydra (Swamp:4)
  Vv (Depths:2)
  6 caustic shrikes
  2 curse toes (Zot:5)
  Nikola (Snake:3)
  the Enchantress (Depths:4)
  10 golden dragons
  2 bone dragons (Zig:21)
  2 electric golems (Zot:5)
  An iron giant (Zig:7)
  A Brimstone Fiend (Zig:14)
  A Tzitzimitl (Zig:14)
  Jorgrun (D:15)
  13 tentacled monstrosities
  A walking crystal tome (Depths:1)
  4 Hell Sentinels
  25 Orb Guardians (Zot:5)
  2 walking earthen tomes (Depths:3)
  6 titans
  4 quicksilver dragons
  9 liches
  A walking frostbound tome (Depths:1)
  5 deep elf master archers
  2 deep elf blademasters (Elf:3)
  26 acid blobs
  11 death cobs
  4 tentacled starspawn (Zig:21)
  4 ancient champions
  4 Executioners
  A sphinx (shapeshifter) (Zig:22)
  9 sphinxes
  Kirke (Lair:4)
  15 tengu reavers
  16 storm dragons
  18 shadow dragons
  6 draconian monks
  A revenant (Zig:21)
  2 thorn hunters (Swamp:3)
  A fenstrider witch (shapeshifter) (Zig:22)
  2 fenstrider witches
  15 azure jellies
  13 rockslimes
  4 iron dragons
  Donald (Snake:1)
  27 nagarajas
  A demonspawn warmonger (Zig:14)
  2 azure jellies (shapeshifter)
  16 vault wardens
  13 deep elf sorcerers
  3 draconian shifters
  9 fire giants
  A ghoul (Swamp:3)
  A frost giant (shapeshifter) (Zig:22)
  3 draconian knights
  10 draconian scorchers
  A ghost moth (Zot:4)
  10 frost giants
  A quicksilver elemental (Zig:7)
  5 draconian annihilators
  2 curse skulls
  2 balrugs
  A juggernaut zombie (Zig:13)
  Aizul (Snake:3)
  3 deep elf elementalists (Elf:3)
  2 draconian stormcallers
  A cacodemon (Zig:22)
  An orc warlord (Vaults:2)
  11 quicksilver oozes
  25 stone giants
  8 war gargoyles
  The ghost of Strat the Severer, a journeyman GrFi of Zin (Orc:2)
  2 demonspawn blood saints (Zig:14)
  5 spriggan defenders
  9 green draconians
  An ironbound thunderhulk (Vaults:1)
  20 ironbound preservers
  4 demonspawn corrupters
  31 very ugly things
  8 deep elf demonologists
  3 demonspawn black suns
  A dire elephant (shapeshifter) (Zig:22)
  An eleionoma (shapeshifter) (Zig:22)
  8 bunyips
  Nessos (Lair:3)
  11 yellow draconians
  8 black draconians
  8 deep elf annihilators
  A lorocyproca (Zig:22)
  A vampire knight (Depths:1)
  8 eleionomae
  The ghost of freelancePsychic the Fighter, a journeyman AtHu of Ignis (Lair:3)
  13 red draconians
  15 purple draconians
  A dire elephant (Zig:9)
  5 white draconians (Zot:1)
  13 spark wasps
  A minotaur (Gauntlet)
  4 deep elf death magi
  2 quicksilver dragon zombies (WizLab)
  4 crystal guardians
  A green death (Depths:2)
  3 eidola (WizLab)
  6 deep elf high priests
  2 mummy priests (Zig:13)
  23 ettins
  11 fire dragons
  A blizzard demon (Zig:14)
  A spectral quicksilver dragon (WizLab)
  4 shambling mangroves (Zig:16)
  2 merfolk javelineers (Zig:19)
  An iron golem (Zig:7)
  2 jiangshi (WizLab)
  3 rakshasas
  20 yaktaur captains
  12 great orbs of eyes
  20 salamander tyrants
  An entropy weaver (Vaults:1)
  8 ice dragons
  23 hydras
  A catoblepas (Zig:9)
  3 peacekeepers
  31 vault guards
  Erica (D:8)
  14 centaur warriors
  13 spriggan air magi
  A death knight (D:11)
  4 ogre magi
  An alligator snapping turtle (shapeshifter) (Zig:22)
  3 ghost crabs
  7 dancing weapons
  5 ironbound frosthearts
  6 boulder beetles
  6 satyrs (Zig:19)
  12 two-headed ogres
  15 anacondas
  9 alligators
  8 deep troll shamans
  7 tengu warriors
  17 naga warriors
  21 naga sharpshooters
  An orc high priest (Orc:2)
  10 deep troll earth magi
  A hell hog (Zig:21)
  5 thrashing horrors
  A shock serpent (shapeshifter) (Zig:12)
  A death scarab (Zig:13)
  A titan zombie (WizLab)
  17 shock serpents
  10 spriggan berserkers
  A crystal echidna (Zig:7)
  28 hell knights
  Sonja (D:10)
  2 soul eaters (Zig:14)
  An iron troll (shapeshifter) (Zig:22)
  A skeletal warrior (D:12)
  4 salamander mystics
  A fire crab (shapeshifter) (Depths:1)
  A skyshark (Lair:4)
  5 deep elf knights
  3 sixfirhies
  5 wretched stars
  4 goliath frogs
  4 iron trolls
  72 deep trolls
  A golden dragon zombie (Depths:3)
  2 spatial maelstroms (Zig:21)
  A fire crab (Gauntlet)
  A swamp dragon (shapeshifter) (Elf:1)
  5 flayed ghosts
  A glowing orange brain (shapeshifter) (Zig:11)
  A spark wasp zombie (WizLab)
  2 spriggan druids
  A sea snake (shapeshifter) (Zig:22)
  4 shadow demons
  7 death drakes
  A sea snake (Snake:2)
  27 swamp dragons
  4 deep elf archers
  4 glowing orange brains
  5 wizards
  An obsidian statue (Vaults:1)
  6 naga ritualists
  2 bog bodies
  15 phantasmal warriors
  17 ironbound convokers
  7 deep elf zephyrmancers
  2 golden dragon skeletons (Zig:13)
  13 lindwurms
  16 deep elf pyromancers
  13 necromancers
  7 cyclopes
  A harpy (shapeshifter) (Abyss:1)
  A cyclops (shapeshifter) (Depths:3)
  4 orc sorcerers
  A frost giant zombie (Depths:3)
  34 ugly things
  17 mana vipers
  A mana viper (shapeshifter) (Zig:22)
  8 fauns (Zig:19)
  12 orc knights
  An oklob plant (Lair:4)
  6 manticores
  11 shining eyes
  6 will-o-the-wisps
  2 tengu skeletons
  A glowing shapeshifter (Zig:22)
  16 salamanders
  A spectral spriggan (WizLab)
  A worldbinder (Zig:21)
  A sphinx skeleton (Depths:3)
  25 elephants
  An elephant (shapeshifter) (Vaults:5)
  60 black mambas
  22 moths of wrath
  A moth of wrath (shapeshifter) (Zig:11)
  13 vault sentinels
  A water nymph (shapeshifter) (Vaults:5)
  10 guardian serpents
  6 smoke demons
  2 gargoyles
  25 naga magi
  2 orange demons
  10 cane toads
  4 apocalypse crabs (Zig:22)
  4 eyes of devastation
  5 torpor snails
  5 rime drakes
  8 large abominations
  An unseen horror (shapeshifter) (D:14)
  Psyche (D:8)
  2 hellions
  13 komodo dragons
  2 unseen horrors
  8 kobold demonologists
  A tormentor (Depths:1)
  38 yaktaurs
  5 tengu conjurers
  3 freezing wraiths
  19 trolls
  A spectral harpy (WizLab)
  8 guardian mummies (Zig:13)
  3 red devils
  3 ice devils
  A bloated husk (Zig:16)
  10 ancient zymes
  A harpy zombie (WizLab)
  9 polar bears
  A polar bear (shapeshifter) (D:11)
  Prince Ribbit (Lair:3)
  3 blink frogs (Lair:3)
  14 tyrant leeches
  23 hornets
  7 dream sheep (Lair:5)
  An ettin zombie (Abyss:1)
  5 raiju
  89 slime creatures
  3 flying skulls
  A vampire (Zig:21)
  3 shadows (D:11)
  40 yaks
  Sigmund (D:2)
  10 fire bats
  8 wyverns
  26 spriggans
  6 small abominations (Abyss:1)
  7 water elementals
  2 ynoxinuls
  4 wraiths
  An ushabti (Zig:13)
  10 humans (D:14)
  5 basilisks
  3 fire elementals
  14 golden eyes
  14 starcursed masses
  5 hogs (Lair:4)
  3 steam dragons
  5 redbacks
  9 chaos spawn
  3 neqoxecs
  23 vampire mosquitoes
  3 wargs
  13 swamp worms
  38 nagas
  26 water moccasins
  A hell hound (Gauntlet)
  3 acid dragons (Zig:15)
  5 floating eyes
  An ice beast (D:5)
  12 swamp drakes
  2 sky beasts
  4 black bears
  26 orc warriors
  24 ogres
  A black bear (shapeshifter) (Abyss:1)
  5 boggarts (Lair:5)
  23 wolves
  13 centaurs
  5 kobold brigands
  9 bullfrogs
  A gnoll sergeant (D:6)
  3 earth elementals
  10 scorpions
  8 wights
  16 killer bees
  7 howler monkeys
  11 electric eels
  2 jellies
  2 quasits (Abyss:1)
  3 centaur zombies
  13 orc priests
  7 hounds
  Crazy Yiuf (D:5)
  A sleepcap (D:6)
  Jessica (D:3)
  A boggart zombie (Gauntlet)
  2 iguanas
  13 orc wizards
  5 hell rats (Lair:5)
  Natasha (D:3)
  2 polar bear simulacra (Lair:2)
  2 yak simulacra (Lair:2)
  3 wolf simulacra (Lair:2)
  6 ogre zombies (D:11)
  20 mummies
  10 adders
  12 gnolls
  A shadow imp (D:7)
  2 white imps
  2 ufetubi
  A worm (D:3)
  3 dart slugs
  50 orcs
  11 bats
  5 endoplasms
  7 giant cockroaches
  18 goblins
  24 hobgoblins
  7 jackals
  8 quokkas
  9 ball pythons
  3 frilled lizards
  A goblin skeleton (D:11)
  A hobgoblin skeleton (D:11)
  9 hobgoblin zombies
  29 kobolds
  5 orc skeletons (D:11)
  10 orc zombies (D:11)
  4 rats
  4 river rat simulacra (Lair:2)
  A spectral hobgoblin (D:6)
2734 creatures vanquished.

Vanquished Creatures (collateral kills)
  A pandemonium lord (Zig:22)
  A swamp dragon (Zig:16)
  A slime creature (Zig:17)
  An eye of devastation (Zig:17)
  A ynoxinul (Zig:21)
  A neqoxec (Zig:21)
6 creatures vanquished.

Vanquished Creatures (others)
  A quicksilver dragon (Zot:1)
  A very ugly thing (Zig:22)
  A green death (Zig:16)
  A hydra (Zig:16)
  A two-headed ogre (shapeshifter) (Zig:22)
  A naga sharpshooter (Snake:4)
  2 swamp dragons (Zig:16)
  An apocalypse crab (Zig:22)
  A hellion (Zig:22)
  A tarantella (shapeshifter) (Zig:22)
  A dream sheep (shapeshifter) (Zig:22)
  A water elemental (Elf:3)
  A human (D:14)
  A chaos spawn (Zig:22)
  A quokka (Depths:1)
  51 fire vortices
  4 foxfires (Swamp:1)
  2 starspawn tentacles (Zig:21)
73 creatures vanquished.

Grand Total: 2813 creatures vanquished

Notes
Turn   | Place    | Note
-------+----------+-------------------------------------------
     0 | D:1      | sasquatch the Gargoyle Earth Elementalist began the quest
                  | for the Orb.
     0 | D:1      | Reached XP level 1. HP: 10/10 MP: 3/3
   102 | D:1      | Reached skill level 1 in Transmutations
   110 | D:1      | Reached XP level 2. HP: 10/15 MP: 1/5
   230 | D:1      | Reached skill level 4 in Earth Magic
   280 | D:1      | Learned a level 2 spell: Passwall
   387 | D:1      | Reached XP level 3. HP: 13/19 MP: 0/6
  1094 | D:1      | Reached XP level 4. HP: 15/24 MP: 1/8
  1199 | D:2      | Learned a level 3 spell: Stone Arrow
  1301 | D:2      | Reached skill level 5 in Earth Magic
  1301 | D:2      | Reached XP level 5. HP: 22/28 MP: 1/9
  1390 | D:2      | Found a transporter.
  1638 | D:2      | Noticed Sigmund
  1650 | D:2      | Killed Sigmund
  1651 | D:2      | Reached skill level 6 in Earth Magic
  1651 | D:2      | Reached XP level 6. HP: 22/32 MP: 6/12
  1746 | D:2      | Found a transporter.
  1749 | D:2      | Found Usteev's Weapon Shoppe.
  2059 | D:3      | Learned a level 4 spell: Petrify
  2243 | D:3      | Found an iron altar of Okawaru.
  2386 | D:3      | Found a faded altar of an unknown god.
  2386 | D:3      | Noticed Jessica
  2394 | D:3      | Killed Jessica
  2395 | D:3      | Reached skill level 7 in Earth Magic
  2452 | D:3      | Found a radiant altar of Vehumet.
  2460 | D:3      | Became a worshipper of Vehumet
  2550 | D:3      | Found a blossoming altar of Fedhas.
  2550 | D:3      | Found a sacrificial altar of Ru.
  2558 | D:3      | Found a hide-covered altar of Uskayaw.
  2560 | D:3      | Found a glowing golden altar of the Shining One.
  2562 | D:3      | Found a faded altar of an unknown god.
  2760 | D:3      | Found a burning altar of Makhleb.
  2762 | D:3      | Noticed an Executioner
  2768 | D:3      | Found a glowing silver altar of Zin.
  2768 | D:3      | Noticed an angel
  2806 | D:3      | Found a snail-covered altar of Cheibriados.
  2878 | D:3      | Noticed Natasha
  2884 | D:3      | Killed Natasha
  2885 | D:3      | Reached XP level 7. HP: 32/36 MP: 11/13
  3237 | D:4      | Reached skill level 1 in Conjurations
  3367 | D:4      | Reached * piety under Vehumet
  3367 | D:4      | Offered knowledge of Shock by Vehumet.
  3458 | D:4      | Found a sand-covered staircase.
  3465 | Ossuary  | Entered an ossuary
  3792 | D:4      | Reached skill level 8 in Earth Magic
  4213 | D:5      | Entered Level 5 of the Dungeon
  4408 | D:5      | Found a staircase to the Ecumenical Temple.
  4442 | D:5      | Reached ** piety under Vehumet
  4442 | D:5      | Offered knowledge of Static Discharge by Vehumet.
  4443 | D:5      | Reached XP level 8. HP: 41/41 MP: 9/14
  4708 | D:5      | Reached skill level 9 in Earth Magic
  4751 | D:5      | Reached skill level 5 in Spellcasting
  4818 | D:5      | Found a sparkling altar of Nemelex Xobeh.
  4843 | D:5      | Reached skill level 5 in Conjurations
  4940 | D:5      | Found a shimmering altar of Xom.
  4949 | D:5      | Found a white marble altar of Elyvilon.
  5068 | D:5      | Found a runed translucent door.
  5069 | D:5      | Noticed Crazy Yiuf
  5074 | D:5      | Killed Crazy Yiuf
  5406 | D:6      | Reached XP level 9. HP: 45/45 MP: 12/17
  5575 | D:6      | Identified the +4 ring mail of Moral Flaws {rN+ Int-2
                  | Dex+5}
  5670 | D:6      | Reached skill level 10 in Earth Magic
  5713 | D:6      | Reached skill level 1 in Fighting
  6021 | D:6      | Offered knowledge of Ignite Poison by Vehumet.
  6122 | D:6      | Found a hazy altar of Hepliaklqana.
  6350 | D:7      | Reached skill level 5 in Fighting
  6739 | D:7      | Reached *** piety under Vehumet
  6757 | D:7      | Found a shadowy altar of Dithmenos.
  6933 | D:8      | Noticed Erica
  6979 | D:8      | Found the +9 staff of Olgreb {rPois∞}
  7039 | D:8      | Reached XP level 10. HP: 61/64 MP: 9/19
  7197 | D:8      | Found a runed translucent gate.
  7198 | D:8      | Found a runed translucent gate.
  7199 | D:8      | Found a runed translucent gate.
  7214 | D:8      | Found a runed translucent door.
  7226 | D:8      | Found a runed translucent door.
  7270 | D:8      | Noticed Psyche
  7284 | D:8      | Killed Psyche
  7503 | D:8      | Killed Erica
  7504 | D:8      | Reached skill level 11 in Earth Magic
  7718 | D:8      | Offered knowledge of Airstrike by Vehumet.
  7806 | D:8      | Reached skill level 12 in Earth Magic
  7974 | D:9      | Identified the +6 whip "Worm" {flame, Will+}
  8080 | D:9      | Reached **** piety under Vehumet
  8169 | D:9      | Reached XP level 11. HP: 71/71 MP: 14/23
  8270 | D:9      | Offered knowledge of Yara's Violent Unravelling by Vehumet.
  8458 | D:9      | Identified the +5 mace of Gapsen {drain, rC+ rN+}
  8714 | D:9      | Found Iphof's Magic Scroll Shop.
  8721 | D:9      | Bought a scroll of magic mapping for 105 gold pieces
  8721 | D:9      | Bought a scroll of identify for 28 gold pieces
  8899 | D:10     | Entered Level 10 of the Dungeon
  8940 | D:10     | Reached skill level 10 in Fighting
  8962 | D:10     | Found a flagged portal.
  8968 | Bailey   | Entered a bailey
  9371 | Bailey   | Noticed an orc knight
  9379 | Bailey   | Killed an orc knight
  9510 | Bailey   | Noticed an orc knight
  9515 | Bailey   | Killed an orc knight
  9644 | Bailey   | Noticed an orc warlord
  9918 | D:10     | Acquired 504 gold pieces
  9920 | D:10     | Acquired 283 gold pieces
 10024 | D:10     | Noticed a deep elf pyromancer
 10036 | D:10     | Reached ***** piety under Vehumet
 10051 | D:10     | Killed a deep elf pyromancer
 10137 | D:10     | Offered knowledge of Iskenderun's Mystic Blast by Vehumet.
 10148 | D:10     | Noticed Sonja
 10302 | D:10     | Noticed a centaur warrior
 10307 | D:10     | Killed a centaur warrior
 10315 | D:10     | Reached skill level 5 in Dodging
 10701 | D:10     | Reached XP level 12. HP: 68/81 MP: 7/24
 10858 | D:10     | Found a staircase to the Lair.
 10878 | D:10     | Killed Sonja
 10886 | D:10     | Learned a level 6 spell: Iron Shot
 10949 | D:10     | Identified the +3 cloak of Ompom {rPois rF++ rC+++ Stlth-}
 11238 | D:10     | Found a stormy altar of Qazlal.
 11409 | Lair:1   | Entered Level 1 of the Lair of Beasts
 11599 | Lair:1   | Identified the +0 leather armour of Kuinu {rN+}
 12771 | Lair:2   | Found a staircase to the Snake Pit.
 13003 | Lair:2   | Noticed a boulder beetle
 13006 | Lair:2   | Killed a boulder beetle
 13089 | Lair:2   | Found a shadowy altar of Dithmenos.
 13258 | Lair:2   | Reached skill level 13 in Earth Magic
 14900 | Lair:3   | Reached XP level 13. HP: 56/86 MP: 12/26
 15183 | Lair:3   | Noticed Nessos
 15185 | Lair:3   | Noticed Prince Ribbit
 15186 | Lair:3   | Killed Nessos
 15384 | Lair:3   | Killed Prince Ribbit
 15801 | Lair:3   | Found a blossoming altar of Fedhas.
 15808 | Lair:3   | Reached skill level 14 in Earth Magic
 15999 | Lair:2   | Reached skill level 10 in Spellcasting
 16373 | Lair:3   | Reached skill level 10 in Conjurations
 16692 | Lair:3   | Found a staircase to the Swamp.
 16862 | Lair:3   | Found a runed translucent gate.
 16862 | Lair:3   | Found a runed translucent gate.
 16862 | Lair:3   | Found a runed translucent gate.
 16909 | Lair:3   | Noticed freelancePsychic's ghost (journeyman AtHu)
 16920 | Lair:3   | Identified the +9 hand axe "Malihadgha" {venom, Dex+3}
 17422 | Lair:3   | Learned a level 4 spell: Iskenderun's Mystic Blast
 17648 | Lair:4   | Found a gate leading to a gauntlet.
 17657 | Gauntlet | Entered a Gauntlet
 17657 | Gauntlet | Found a transporter.
 17712 | Gauntlet | Found a transporter.
 17724 | Gauntlet | Noticed a quicksilver ooze
 17728 | Gauntlet | Found a transporter.
 17732 | Gauntlet | Found a transporter.
 17742 | Gauntlet | Found a transporter.
 17743 | Gauntlet | Noticed a dire elephant
 17762 | Gauntlet | Found a transporter.
 17763 | Gauntlet | Noticed a reaper
 17775 | Gauntlet | Found a transporter.
 17778 | Gauntlet | Found a transporter.
 17779 | Gauntlet | Found a transporter.
 17782 | Gauntlet | Found a transporter.
 17783 | Gauntlet | Found a transporter.
 17792 | Gauntlet | Found a transporter.
 17885 | Gauntlet | Reached skill level 1 in Translocations
 17893 | Gauntlet | Offered knowledge of Irradiate by Vehumet.
 17902 | Gauntlet | Identified the ring of Terra Nullius {Contam rC+ Dex+3
                  | SInv}
 17914 | Gauntlet | Learned a level 5 spell: Irradiate
 18161 | Gauntlet | Identified the +7 mace of Compassion {drain, rElec Str-5
                  | Int+3 SInv}
 18199 | Gauntlet | Noticed a minotaur
 18202 | Gauntlet | Killed a minotaur
 18392 | Lair:4   | Reached skill level 15 in Earth Magic
 18603 | Lair:4   | Found a shimmering altar of Xom.
 18691 | Lair:4   | Noticed Kirke
 18703 | Lair:4   | Killed Kirke
 19193 | Lair:4   | Gained mutation: Your large and strong wings let you fly.
                  | [Gargoyle growth]
 19193 | Lair:4   | Reached XP level 14. HP: 86/92 MP: 16/28
 19451 | Lair:4   | Found a staircase to the Slime Pits.
 19862 | Lair:5   | Entered Level 5 of the Lair of Beasts
 21189 | Lair:5   | Reached skill level 16 in Earth Magic
 21379 | Lair:5   | Reached skill level 1 in Shields
 22340 | Lair:5   | Reached skill level 5 in Shields
 23670 | D:11     | Found Qekeokig's Overcharged Wands.
 24124 | D:11     | Found a staircase to the Orcish Mines.
 24185 | D:11     | Offered knowledge of Lee's Rapid Deconstruction by Vehumet.
 24192 | D:11     | Learned a level 5 spell: Lee's Rapid Deconstruction
 24846 | D:11     | Found Ewnecuis's Fire Supplies.
 24856 | D:11     | Bought a +1 helmet of fire resistance for 231 gold pieces
 25555 | Orc:1    | Entered Level 1 of the Orcish Mines
 26011 | Orc:1    | Reached XP level 15. HP: 71/96 MP: 17/29
 26343 | Orc:1    | Found Qemef's Jewellery Emporium.
 26465 | Orc:2    | Entered Level 2 of the Orcish Mines
 26543 | Orc:1    | Found Icuyme's Antique Armour Boutique.
 27361 | Orc:2    | Reached ****** piety under Vehumet
 27361 | Orc:2    | Offered knowledge of Spellforged Servitor by Vehumet.
 27737 | Orc:2    | Noticed Strat's ghost (journeyman GrFi)
 27742 | Orc:2    | Found a transporter.
 27961 | Orc:2    | Found a transporter.
 27978 | Orc:2    | Found Kag Ebbu's General Store.
 27980 | Orc:2    | Found Icofua's Assorted Antiques.
 28180 | Orc:2    | Reached skill level 17 in Earth Magic
 28375 | Orc:2    | Found Exampown's Magic Scroll Shoppe.
 28378 | Orc:2    | Bought a scroll of identify for 50 gold pieces
 28382 | Orc:2    | Reached XP level 16. HP: 101/101 MP: 31/31
 28390 | Orc:1    | Found a bloodstained altar of Trog.
 28577 | Orc:2    | Bought 2 scrolls of teleportation for 78 gold pieces
 28577 | Orc:2    | Bought a scroll of blinking for 97 gold pieces
 28577 | Orc:2    | Bought a scroll of fog for 52 gold pieces
 28579 | Orc:2    | Found Follup's Distillery.
 28664 | Orc:2    | Found a staircase to the Elven Halls.
 28668 | Orc:2    | Bought a potion of resistance for 150 gold pieces
 28668 | Orc:2    | Bought a potion of heal wounds for 75 gold pieces
 29094 | Snake:1  | Entered Level 1 of the Snake Pit
 29345 | Snake:1  | Identified the +3 short sword "Padufuo" {chaos, *Noise rF+
                  | rN++ Str+2}
 29500 | Snake:1  | Identified the +3 leather armour "Suhaon" {Str+5 Dex-3}
 29826 | Snake:1  | Found a broken altar of Ashenzari.
 29965 | Snake:1  | Noticed Donald
 30156 | Snake:1  | Killed Donald
 30654 | Snake:1  | Reached skill level 18 in Earth Magic
 30703 | Snake:2  | Found Ytemu's Weapon Emporium.
 31196 | Snake:2  | Found Gubaki's Weapon Emporium.
 31295 | Snake:2  | Found Kudumol's Assorted Antiques.
 31305 | Snake:2  | Bought a glowing diamond amulet for 195 gold pieces
 31306 | Snake:2  | Offered knowledge of Arcjolt by Vehumet.
 31447 | Snake:2  | Reached skill level 10 in Shields
 31542 | Snake:2  | Noticed Asterion
 31664 | Snake:2  | Found Xiri's Firing Range.
 31814 | Snake:1  | Noticed an Executioner
 32154 | Snake:2  | Found Wiarr's Magic Scroll Shoppe.
 32306 | Snake:2  | Bought a scroll of blinking for 105 gold pieces
 32486 | Snake:3  | Reached XP level 17. HP: 105/106 MP: 16/33
 32806 | Snake:3  | Noticed Nikola
 32811 | Snake:3  | Killed Nikola
 33165 | Snake:3  | Noticed Vashnia
 33381 | Snake:3  | Noticed Aizul
 33385 | Snake:3  | Killed Aizul
 33642 | Snake:3  | Learned a level 8 spell: Lehudib's Crystal Spear
 33864 | Snake:3  | Noticed Bai Suzhen
 33874 | Snake:3  | Killed Bai Suzhen
 34399 | Snake:4  | Entered Level 4 of the Snake Pit
 35049 | Snake:4  | Offered knowledge of Starburst by Vehumet.
 35739 | Snake:4  | Identified the +1 pair of boots of Jioc {Int+7}
 35780 | Snake:4  | Identified the +0 cloak of Happiness {rCorr}
 36210 | Snake:4  | Reached skill level 15 in Conjurations
 36729 | Snake:4  | Reached skill level 19 in Earth Magic
 37129 | Snake:4  | Reached XP level 18. HP: 112/112 MP: 6/35
 37721 | Snake:4  | Got a serpentine rune of Zot
 38204 | Swamp:1  | Entered Level 1 of the Swamp
 38326 | Lair:3   | Killed freelancePsychic's ghost
 38735 | Orc:1    | Bought an amulet of regeneration for 480 gold pieces
 39139 | Swamp:1  | Identified Roxanne's Guidebook on the Body
 39139 | Swamp:1  | Noticed Roxanne
 39281 | Swamp:1  | Offered knowledge of Conjure Ball Lightning by Vehumet.
 39522 | Swamp:1  | Found a snail-covered altar of Cheibriados.
 40269 | Swamp:2  | Reached skill level 20 in Earth Magic
 40544 | Swamp:2  | Acquired the Parchment of the Petrous Tincture
 41740 | Swamp:3  | Noticed a tentacled monstrosity
 41743 | Swamp:3  | Killed a tentacled monstrosity
 41744 | Swamp:3  | Reached skill level 5 in Transmutations
 42548 | Swamp:1  | Learned a level 9 spell: Shatter
 42619 | Swamp:4  | Entered Level 4 of the Swamp
 42738 | Swamp:4  | Offered knowledge of Fire Storm by Vehumet.
 42738 | Swamp:4  | Offered knowledge of Chain Lightning by Vehumet.
 42738 | Swamp:4  | Offered knowledge of Maxwell's Capacitive Coupling by
                  | Vehumet.
 43188 | Swamp:4  | Reached skill level 21 in Earth Magic
 43391 | Swamp:4  | Noticed a tentacled monstrosity
 43403 | Swamp:4  | Killed a tentacled monstrosity
 43689 | Swamp:4  | Reached XP level 19. HP: 116/116 MP: 27/37
 43965 | Swamp:4  | Noticed the 27-headed Lernaean hydra
 43970 | Swamp:4  | Killed the 27-headed Lernaean hydra
 44335 | Swamp:4  | Got a decaying rune of Zot
 44659 | Orc:2    | Bought a faintly glowing rapier for 225 gold pieces
 44659 | Orc:2    | Identified the +11 rapier of Impeachment {heavy, Str+4
                  | Stlth+} (You bought it in a shop on level 2 of the Orcish
                  | Mines)
 44679 | Orc:2    | Killed Strat's ghost
 45374 | D:12     | Found a runed translucent door.
 48572 | D:14     | Found a gate to the Vaults.
 48610 | D:14     | You are sucked into a shaft and drop 1 floor!
 48610 | D:15     | Entered Level 15 of the Dungeon
 48610 | D:15     | Found Ubohuyte's Demolitions Depot.
 48853 | D:15     | Identified the +1 leather armour of Restlessness {Str+3
                  | Dex+4}
 48905 | D:15     | Found a staircase to the Depths.
 48910 | D:15     | Reached skill level 15 in Spellcasting
 49241 | D:15     | Noticed Jorgrun
 49248 | D:15     | Killed Jorgrun
 49249 | D:15     | Reached skill level 22 in Earth Magic
 49372 | D:15     | Identified the +4 mace "Loekic" {vamp, Str+4}
 49438 | D:15     | Identified the +8 mace of Crawling {speed, +Blink}
 49785 | Vaults:1 | Entered Level 1 of the Vaults
 50026 | Vaults:1 | Found a flickering gateway to a bazaar.
 50037 | Bazaar   | Entered a bazaar
 50071 | Bazaar   | Found Imethrua's Jewellery Emporium.
 50071 | Bazaar   | Found Makh's Book Shoppe.
 50083 | Bazaar   | Bought a manual of Dodging for 1360 gold pieces
 51378 | Vaults:1 | Reached XP level 20. HP: 122/122 MP: 33/39
 51432 | Vaults:1 | Identified the +3 shortbow "Houn" {drain, rElec rC++ Str+5}
 52334 | Vaults:2 | Reached skill level 23 in Earth Magic
 52619 | Vaults:2 | Found Reawn's Assorted Antiques.
 52627 | Vaults:2 | Bought a pair of embroidered gloves for 240 gold pieces
 52780 | Vaults:2 | Noticed Mennas
 53032 | Vaults:2 | Identified the +0 sling of Painful Death {drain, rElec rC-
                  | rN+++ Int-3}
 53738 | Vaults:2 | Reached skill level 24 in Earth Magic
 54677 | Vaults:3 | Found Cogoze's Magic Scroll Emporium.
 54940 | Vaults:3 | Found a staircase to the Crypt.
 54990 | Vaults:3 | Reached skill level 10 in Dodging
 55988 | Vaults:3 | Identified the +0 helmet of Ycvahy {Regen+ Int-4 Slay+6}
 56729 | Vaults:4 | Reached XP level 21. HP: 114/127 MP: 26/42
 57664 | Vaults:4 | Acquired 920 gold pieces
 58608 | Vaults:5 | Entered Level 5 of the Vaults
 58617 | Vaults:5 | Reached skill level 25 in Earth Magic
 58622 | Vaults:5 | Noticed a golden dragon
 58626 | Vaults:5 | Killed a golden dragon
 58630 | Vaults:5 | Reached skill level 26 in Earth Magic
 58632 | Vaults:5 | Reached XP level 22. HP: 85/132 MP: 44/44
 58632 | Vaults:5 | Identified the ring "Ociymad" {rCorr Str+5}
 58754 | Vaults:5 | Noticed a dread lich
 58884 | Vaults:5 | Killed a dread lich
 59393 | Vaults:5 | Identified the +5 long sword of Pytom {holy, rC++ rN+
                  | Int+3}
 59429 | Vaults:5 | Identified the staff of cold "Jafeowij" {rC+ Stlth+}
 59431 | Vaults:5 | Got the Catalogue of the Shapeshifter and Charms
 59432 | Vaults:5 | Identified the +8 sling of Uhumadem {drain, Int+4}
 59434 | Vaults:5 | Identified the +2 hand axe of the Badger {heavy, Str-2
                  | Int+6}
 59476 | Vaults:5 | Got a silver rune of Zot
 59543 | Vaults:5 | Found the +8 longbow "Zephyr" {speed, Dex+3 SInv}
 59553 | Vaults:5 | Identified the +0 bardiche of the Pits of Slime {pain, rF++
                  | rCorr MP+9}
 59685 | Vaults:5 | Found Bahotel's Distillery.
 59688 | Vaults:5 | Bought a potion of brilliance for 64 gold pieces
 59820 | Vaults:5 | Identified the staff of fire "Padaimina" {rElec rPois rF+
                  | Stlth+}
 60536 | Elf:1    | Entered Level 1 of the Elven Halls
 60977 | Orc:1    | Bought a ring of willpower for 400 gold pieces
 61278 | Elf:3    | Entered Level 3 of the Elven Halls
 61290 | Elf:3    | Acquired 717 gold pieces
 62615 | Elf:3    | Identified the amulet "Qosk" {Reflect Drain rElec rC+ Dex+2
                  | SH+5}
 62618 | Elf:3    | Identified the +7 chain mail "Istraxt" {rElec rPois}
 62619 | Elf:3    | Identified the +6 lajatang of Xaraox {vamp, Fly rElec}
 62620 | Elf:3    | Reached XP level 23. HP: 143/143 MP: 45/45
 62944 | Elf:3    | Learned a level 2 spell: Blink
 63013 | Elf:3    | Identified the staff of conjuration "Bojets" {Str+5 Int+4
                  | Stlth+}
 63015 | Elf:3    | Identified the +3 dagger "Ysytt" {protect, rC+ Dex+3}
 63065 | Elf:3    | Got the Directory of Mutated Freezing
 63393 | Slime:1  | Entered Level 1 of the Pits of Slime
 63775 | Depths:1 | Entered Level 1 of the Depths
 63941 | Depths:1 | Reached skill level 15 in Fighting
 63941 | Depths:1 | Reached skill level 15 in Shields
 63945 | Depths:1 | Found Morghoud's Magic Scroll Shoppe.
 64050 | Depths:1 | Found a magical portal.
 64055 | WizLab   | Entered Borgnjor's Mausoleum
 64590 | Depths:1 | Noticed a golden dragon
 64596 | Depths:1 | Reached skill level 15 in Dodging
 64600 | Depths:1 | Noticed a golden dragon
 64601 | Depths:1 | Killed a golden dragon
 64610 | Depths:1 | Killed a golden dragon
 64628 | Depths:1 | Reached XP level 24. HP: 49/152 MP: 26/45
 65001 | Depths:1 | Found Jecad's General Store.
 65001 | Depths:1 | Found Nassaraa's Jewellery Shoppe.
 65047 | Depths:1 | Found Myiwnim's Assorted Antiques.
 65053 | Depths:1 | Bought a scroll of teleportation for 93 gold pieces
 65355 | Depths:1 | Found a white marble altar of Elyvilon.
 65566 | Depths:1 | Found a one-way gate leading to the halls of Pandemonium.
 65607 | Depths:1 | Found a gateway to Hell.
 65769 | Depths:1 | Learned a level 4 spell: Passage of Golubria
 65948 | Vaults:2 | Killed Mennas
 66170 | Vaults:3 | Bought a scroll of teleportation for 57 gold pieces
 66170 | Vaults:3 | Bought a scroll of magic mapping for 142 gold pieces
 66170 | Vaults:3 | Bought a scroll of teleportation for 57 gold pieces
 66965 | Depths:2 | Found Meguckic's Armour Shop.
 67021 | Depths:2 | Noticed a caustic shrike
 67025 | Depths:2 | Killed a caustic shrike
 67119 | Depths:2 | Noticed a caustic shrike
 67121 | Depths:2 | Killed a caustic shrike
 67884 | Depths:2 | Noticed Vv
 68116 | Depths:2 | Killed Vv
 68412 | Depths:2 | Found Big Baal Hell's Store.
 68448 | Depths:2 | Bought the ring "Zabilleo" {rN+ Will+ Int+3 Dex+5 Slay-5}
                  | for 2112 gold pieces
 68523 | Depths:3 | Noticed Margery
 68528 | Depths:3 | Killed Margery
 68714 | Depths:3 | Found a one-way gate to the infinite horrors of the Abyss.
 68715 | Depths:3 | Reached skill level 27 in Earth Magic
 68891 | Depths:3 | Noticed a caustic shrike
 68896 | Depths:3 | Killed a caustic shrike
 68952 | Depths:3 | Noticed a caustic shrike
 68955 | Depths:3 | Killed a caustic shrike
 69047 | Depths:3 | Noticed Frederick
 69303 | Depths:3 | Noticed a caustic shrike
 69305 | Depths:3 | Killed a caustic shrike
 69424 | Depths:3 | Killed Frederick
 69548 | Depths:3 | Reached skill level 1 in Fire Magic
 69604 | Depths:3 | Noticed Parghit
 69612 | Depths:3 | Killed Parghit
 69827 | Depths:3 | Reached XP level 25. HP: 157/157 MP: 33/47
 69995 | Depths:3 | Noticed an ancient lich
 69997 | Depths:3 | Killed an ancient lich
 70299 | Depths:3 | Got the Lessons on the Torrid Welkin
 70542 | Depths:4 | Entered Level 4 of the Depths
 70701 | Depths:4 | Found Higah's Jewellery Shoppe.
 70704 | Depths:4 | Reached skill level 5 in Fire Magic
 71181 | Depths:4 | Found Peutyni's Weapon Shop.
 71381 | Depths:4 | Found a stormy altar of Qazlal.
 71408 | Depths:4 | Noticed the Enchantress
 71413 | Depths:4 | Killed the Enchantress
 71453 | Depths:4 | Found Luek's Distillery.
 71904 | Depths:4 | Bought a potion of magic for 152 gold pieces
 71904 | Depths:4 | Bought a potion of brilliance for 76 gold pieces
 71904 | Depths:4 | Bought a potion of heal wounds for 95 gold pieces
 71967 | Depths:4 | Found Ipizush's Jewellery Emporium.
 71975 | Depths:4 | Bought an amulet of magic regeneration for 750 gold pieces
 71989 | Depths:4 | Found a one-way gateway to a ziggurat.
 72223 | Depths:4 | Found Feck's Antique Armour Boutique.
 72410 | Depths:4 | Found a gate to the Realm of Zot.
 72626 | Zot:1    | Entered Level 1 of the Realm of Zot
 73765 | Zot:1    | Learned a level 9 spell: Fire Storm
 74146 | Zot:2    | Reached skill level 10 in Fire Magic
 74544 | Zot:2    | Identified the +2 short sword of Ukhler {flame, Dex+3}
 74674 | Zot:3    | Found the +4 dragonskin cloak
 74674 | Zot:3    | Noticed Tiamat
 74675 | Zot:3    | Reached XP level 26. HP: 144/163 MP: 46/47
 75278 | Zot:3    | Killed Tiamat
 76192 | Zot:4    | Noticed a Killer Klown
 76196 | Zot:4    | Killed a Killer Klown
 76824 | Zot:5    | Entered Level 5 of the Realm of Zot
 77147 | Zot:5    | Noticed an orb of fire
 77149 | Zot:5    | Gained mutation: You are dopey. (Int -2) [an orb of fire]
 77199 | Zot:5    | Killed an orb of fire
 77199 | Zot:5    | Noticed a dread lich
 77207 | Zot:5    | Killed a dread lich
 77207 | Zot:5    | Noticed a Killer Klown
 77217 | Zot:5    | Killed a Killer Klown
 77276 | Zot:5    | Noticed a dread lich
 77279 | Zot:5    | Killed a dread lich
 77342 | Zot:5    | Noticed a dread lich
 77347 | Zot:5    | Noticed an orb of fire
 77349 | Zot:5    | Killed a dread lich
 77349 | Zot:5    | Noticed a dread lich
 77351 | Zot:5    | Killed an orb of fire
 77352 | Zot:5    | Reached skill level 15 in Fire Magic
 77352 | Zot:5    | Killed a dread lich
 77435 | Zot:5    | Noticed a Killer Klown
 77440 | Zot:5    | Killed a Killer Klown
 77497 | Zot:5    | Noticed a dread lich
 77499 | Zot:5    | Killed a dread lich
 77499 | Zot:5    | Noticed a dread lich
 77501 | Zot:5    | Killed a dread lich
 77506 | Zot:5    | Reached XP level 27. HP: 168/168 MP: 18/47
 77631 | Zot:5    | Noticed a dread lich
 77633 | Zot:5    | Killed a dread lich
 78266 | Zot:5    | Learned a level 8 spell: Ignition
 78755 | Slime:1  | Gained mutation: You are vulnerable to heat. (rF-) [a
                  | shining eye]
 79137 | Slime:5  | Entered Level 5 of the Pits of Slime
 79323 | Slime:5  | Noticed the Royal Jelly
 79328 | Slime:5  | Killed the Royal Jelly
 79629 | Slime:5  | Identified the +6 broad axe of Hicam {vamp, Drain rF+ rN+
                  | Str+4}
 79639 | Slime:5  | Identified the +1 ring mail of Compression {rElec Str+3}
 79641 | Slime:5  | Identified the +2 pair of boots "Ozuirronwu" {-Cast rPois
                  | Str+4 Dex+3}
 79663 | Slime:5  | Got a slimy rune of Zot
 79664 | Slime:5  | Identified the amulet "Canlocoal" {Faith Will+}
 79697 | Slime:5  | Identified the +5 scale mail of the Unbroken {+Inv rElec
                  | Int+6}
 80372 | D:14     | Found a glowing silver altar of Zin.
 80374 | D:14     | Found an ancient bone altar of Kikubaaqudgha.
 80374 | D:14     | Found an ancient bone altar of Kikubaaqudgha.
 80376 | D:14     | Found a blossoming altar of Fedhas.
 80376 | D:14     | Found an iron altar of Okawaru.
 80376 | D:14     | Found a shimmering altar of Xom.
 80467 | D:14     | Identified the +1 helmet of Weightlessness {+Inv rC+ Int+3}
 80827 | Depths:3 | Voluntarily entered the Abyss.
 80827 | Abyss:1  | Found a corrupted altar of Lugonu.
 80857 | Abyss:1  | Found a corrupted altar of Lugonu.
 80858 | Abyss:1  | Found a corrupted altar of Lugonu.
 80858 | Abyss:1  | Found a corrupted altar of Lugonu.
 81174 | Abyss:3  | Found a corrupted altar of Lugonu.
 81185 | Abyss:4  | Found a corrupted altar of Lugonu.
 81196 | Abyss:5  | Found a corrupted altar of Lugonu.
 81198 | Abyss:5  | Noticed an ancient lich
 81199 | Abyss:5  | Noticed an ancient lich
 81200 | Abyss:5  | Noticed an ancient lich
 81201 | Abyss:5  | Killed an ancient lich
 81203 | Abyss:5  | Killed an ancient lich
 81203 | Abyss:5  | Killed an ancient lich
 81204 | Abyss:5  | Reached skill level 5 in Translocations
 81205 | Abyss:5  | Got an abyssal rune of Zot
 81211 | Depths:3 | Escaped the Abyss
 81266 | Depths:4 | Lost mutation: You are vulnerable to heat. (rF-) [potion of
                  | mutation]
 81266 | Depths:4 | Lost mutation: You are dopey. (Int -2) [potion of mutation]
 81266 | Depths:4 | Gained mutation: You are robust. (+10% HP) [potion of
                  | mutation]
 81266 | Depths:4 | Gained mutation: You are weak. (Str -2) [potion of
                  | mutation]
 81266 | Depths:4 | Lost mutation: You are robust. (+10% HP) [potion of
                  | mutation]
 81266 | Depths:4 | Gained mutation: You have very sharp teeth. [potion of
                  | mutation]
 81337 | Depths:1 | Bought a ring of wizardry for 390 gold pieces
 81412 | Zig:1    | Entered Level 1 of a ziggurat
 81430 | Zig:2    | Entered Level 2 of a ziggurat
 81450 | Zig:2    | Found the +3 Elemental Staff {rElec rF+ rC+ AC+3}
 81545 | Zig:3    | Entered Level 3 of a ziggurat
 81548 | Zig:3    | Found the +7 captain's cutlass {speed, disarm}
 81551 | Zig:3    | Reached skill level 1 in Armour
 81601 | Zig:4    | Entered Level 4 of a ziggurat
 81604 | Zig:4    | Noticed Ysal Lixilye the pandemonium lord
 81606 | Zig:4    | Killed Ysal Lixilye the pandemonium lord
 81613 | Zig:4    | Got Guumn's Compilation of the Exothermic Wind
 81615 | Zig:4    | Identified the staff of earth "Qoheiv" {+Blink Will+ Dex+2}
 81622 | Zig:5    | Entered Level 5 of a ziggurat
 81640 | Zig:5    | Identified the +3 falchion "Guboenn" {protect, Will+ Str+4
                  | Int-2 Dex+2}
 81644 | Zig:6    | Entered Level 6 of a ziggurat
 81660 | Zig:6    | Identified the +5 morningstar "Killer Klown's Bane" {drain,
                  | rPois rF+ Stlth+}
 81661 | Zig:6    | Identified the amulet "Nokhajuwk" {*Corrode +Inv rN+++
                  | Regen+ Stlth-}
 81672 | Zig:7    | Entered Level 7 of a ziggurat
 81704 | Zig:8    | Entered Level 8 of a ziggurat
 81724 | Zig:8    | Got the Essays on Anathema and Superposition
 81744 | Zig:8    | Identified the +0 pair of gloves of the Past {rC+}
 81750 | Zig:9    | Entered Level 9 of a ziggurat
 81759 | Zig:9    | Reached skill level 5 in Armour
 81782 | Zig:9    | Acquired the +1 hat "Estryc" {rPois rC+ rN+ Str+2}
 81803 | Zig:9    | Acquired 589 gold pieces
 81817 | Zig:10   | Entered Level 10 of a ziggurat
 81922 | Zig:11   | Entered Level 11 of a ziggurat
 81931 | Zig:11   | Noticed an ancient lich
 81931 | Zig:11   | Found the +27 heavy crossbow "Sniper" {heavy, Acc+∞ SInv}
 81932 | Zig:11   | Noticed a dread lich
 81932 | Zig:11   | Noticed an ancient lich
 81932 | Zig:11   | Noticed a dread lich
 81935 | Zig:11   | Killed an ancient lich
 81936 | Zig:11   | Killed a dread lich
 81994 | Zig:11   | Identified the +4 leather armour of the Onion {rElec rF-
                  | rC++ SInv}
 81995 | Zig:11   | Identified the +4 chain mail of Words of Power {rElec
                  | Regen+}
 82018 | Zig:12   | Entered Level 12 of a ziggurat
 82027 | Zig:12   | Noticed a dread lich
 82027 | Zig:12   | Noticed an ancient lich
 82027 | Zig:12   | Noticed a dread lich
 82029 | Zig:12   | Killed a dread lich
 82029 | Zig:12   | Killed an ancient lich
 82029 | Zig:12   | Killed a dread lich
 82086 | Zig:13   | Entered Level 13 of a ziggurat
 82093 | Zig:13   | Noticed a royal mummy
 82093 | Zig:13   | Noticed a royal mummy
 82096 | Zig:13   | Killed a royal mummy
 82096 | Zig:13   | Killed a royal mummy
 82097 | Zig:13   | Noticed a royal mummy
 82100 | Zig:13   | Killed a royal mummy
 82198 | Zig:13   | Identified the amulet of Cyqiov {+Blink rPois Regen+ Str-5
                  | Int-3}
 82220 | Zig:13   | Identified the staff of conjuration "Rudoyhaf" {rElec}
 82227 | Zig:14   | Entered Level 14 of a ziggurat
 82236 | Zig:14   | Found the +7 great mace "Undeadhunter" {deathbane, rN+}
 82238 | Zig:14   | Noticed Deurph the pandemonium lord
 82254 | Zig:14   | Reached skill level 10 in Armour
 82255 | Zig:14   | Killed Deurph the pandemonium lord
 82444 | Zig:14   | Identified the +1 falchion of Cehefet {venom, MP+9 Stlth+}
 82472 | Zig:15   | Entered Level 15 of a ziggurat
 82542 | Zig:15   | Identified the staff of poison "Mucighu" {rPois Str+3 Int+4
                  | Dex+3 Stlth-}
 82560 | Zig:16   | Entered Level 16 of a ziggurat
 82633 | Zig:16   | Identified the ring "Feurury" {rElec rN+ MP+9 Str-2 Int+3}
 82640 | Zig:16   | Identified the +3 short sword of Meager Courage {antimagic,
                  | rF++ rC-}
 82641 | Zig:16   | Identified the ring of Dawn {rElec rN+++ Str+6 Dex-5 SInv}
 82674 | Zig:17   | Entered Level 17 of a ziggurat
 82687 | Zig:17   | Paralysed by a floating eye for 4 turns
 82743 | Zig:17   | Identified the staff of conjuration "Vosm" {Int+7}
 82776 | Zig:18   | Entered Level 18 of a ziggurat
 82798 | Zig:18   | Identified the amulet of Soco {Spirit rF+}
 82802 | Zig:18   | Identified the staff of death "Hoeqyl" {rPois rN+}
 82822 | Zig:18   | Identified the staff of death "Ygreqoan" {rElec rPois rF++
                  | rC- rN+}
 82824 | Zig:18   | Identified the +1 ring mail of Melancholy {Drain rElec
                  | Dex+2 SInv}
 82864 | Zig:19   | Entered Level 19 of a ziggurat
 83004 | Zig:19   | Got the Omnibus of Freezing
 83005 | Zig:19   | Identified the +5 hand axe "Jiagoj Ohom" {freeze, rF+ rC+}
 83008 | Zig:19   | Identified the +3 sling "Spiderbane" {flame, rC+ Int+3
                  | Stlth+}
 83019 | Zig:19   | Got the Treatise on Changing Immolation
 83020 | Zig:19   | Identified the amulet of Beogh, Stopping {Acrobat Int+3
                  | Dex+4}
 83021 | Zig:19   | Identified the ring "Kuofie Orob" {Fly rC- rCorr Int+2
                  | Dex+4}
 83036 | Zig:19   | Identified the staff of poison "Soti Kuesa" {rPois Int+4}
 83069 | Zig:20   | Entered Level 20 of a ziggurat
 83083 | Zig:20   | Reached skill level 15 in Armour
 83116 | Zig:20   | Identified the ring "Zuzxo" {*Slow rN+ Int+6 SInv Stlth+}
 83118 | Zig:20   | Identified the +1 mace "Gram" {freeze, Will+ Int+2}
 83123 | Zig:20   | Identified the +2 pair of gloves of Cocytus {rPois rF-
                  | Int+5}
 83128 | Zig:20   | Got the Anthology of Production and Transition
 83129 | Zig:20   | Identified the ring of the Gloaming {Fire rCorr Int+4}
 83133 | Zig:20   | Identified the staff of earth "Izizxah" {SInv}
 83183 | Zig:20   | Gained mutation: You are very weak. (Str -4) [mutagenic
                  | glow]
 83192 | Zig:20   | Lost mutation: You are very weak. (Str -4) [potion of
                  | mutation]
 83192 | Zig:20   | Lost mutation: You have very sharp teeth. [potion of
                  | mutation]
 83192 | Zig:20   | Lost mutation: You are weak. (Str -2) [potion of mutation]
 83192 | Zig:20   | Gained mutation: You are vulnerable to heat. (rF-) [potion
                  | of mutation]
 83192 | Zig:20   | Gained mutation: You sometimes lose your temper in combat.
                  | [potion of mutation]
 83193 | Zig:20   | Lost mutation: You sometimes lose your temper in combat.
                  | [potion of mutation]
 83193 | Zig:20   | Lost mutation: You are vulnerable to heat. (rF-) [potion of
                  | mutation]
 83193 | Zig:20   | Gained mutation: You are weak. (Str -2) [potion of
                  | mutation]
 83193 | Zig:20   | Gained mutation: Your body sometimes deteriorates upon
                  | taking damage. [potion of mutation]
 83193 | Zig:20   | Gained mutation: You sometimes lose your temper in combat.
                  | [potion of mutation]
 83194 | Zig:20   | Lost mutation: Your body sometimes deteriorates upon taking
                  | damage. [potion of mutation]
 83194 | Zig:20   | Lost mutation: You are weak. (Str -2) [potion of mutation]
 83194 | Zig:20   | Gained mutation: You are covered in fur. (AC +1) [potion of
                  | mutation]
 83194 | Zig:20   | Gained mutation: Your spells are a little harder to cast,
                  | but a little more powerful. [potion of mutation]
 83195 | Zig:20   | Lost mutation: You are covered in fur. (AC +1) [potion of
                  | mutation]
 83195 | Zig:20   | Lost mutation: Your spells are a little harder to cast, but
                  | a little more powerful. [potion of mutation]
 83195 | Zig:20   | Lost mutation: You sometimes lose your temper in combat.
                  | [potion of mutation]
 83195 | Zig:20   | Gained mutation: Your spells are a little harder to cast,
                  | but a little more powerful. [potion of mutation]
 83195 | Zig:20   | Gained mutation: You have sharp toenails. [potion of
                  | mutation]
 83209 | Zig:21   | Entered Level 21 of a ziggurat
 83315 | Zig:21   | Identified the +0 kite shield of the Arena {*Slow rPois
                  | Int+3 Dex+4}
 83321 | Zig:21   | Identified the +5 hand axe "Newtslayer" {antimagic, rCorr
                  | Str+3}
 83325 | Zig:21   | Identified the ring of Tyinlo {rElec rC+ rCorr Stlth+}
 83331 | Zig:21   | Acquired 1298 gold pieces
 83384 | Zig:22   | Entered Level 22 of a ziggurat
 83397 | Zig:22   | Noticed Kaaladij the pandemonium lord
 83397 | Zig:22   | Noticed Buavic the pandemonium lord
 83398 | Zig:22   | Noticed Ydocs the pandemonium lord
 83399 | Zig:22   | Killed Kaaladij the pandemonium lord
 83399 | Zig:22   | Noticed Dotton the pandemonium lord
 83399 | Zig:22   | Noticed Ofunlom the pandemonium lord
 83400 | Zig:22   | Noticed Oguwuy the pandemonium lord
 83400 | Zig:22   | Noticed Laegh the pandemonium lord
 83401 | Zig:22   | Killed Dotton the pandemonium lord
 83402 | Zig:22   | Killed Ofunlom the pandemonium lord
 83402 | Zig:22   | Noticed Raxakec the pandemonium lord
 83402 | Zig:22   | Noticed Quninoino the pandemonium lord
 83403 | Zig:22   | Killed Ydocs the pandemonium lord
 83403 | Zig:22   | Killed Buavic the pandemonium lord
 83404 | Zig:22   | Killed Raxakec the pandemonium lord
 83404 | Zig:22   | Killed Quninoino the pandemonium lord
 83404 | Zig:22   | Killed Oguwuy the pandemonium lord
 83404 | Zig:22   | Killed Laegh the pandemonium lord
 83405 | Zig:22   | Noticed Xomarphun the pandemonium lord
 83406 | Zig:22   | Noticed Zuinua Gobbi the pandemonium lord
 83408 | Zig:22   | Killed Zuinua Gobbi the pandemonium lord
 83409 | Zig:22   | Killed Xomarphun the pandemonium lord
 83446 | Zig:22   | Identified the +5 ring mail "Cevaim" {Str+3}
 83459 | Zig:22   | Identified the ring "Pigahuh" {rC+ rCorr EV+5}
 83463 | Zig:22   | Identified the +5 scale mail "Gaatofe" {Str-4 Int+6 Stlth+}
 83504 | Zig:23   | Entered Level 23 of a ziggurat
 83513 | Zig:23   | Noticed Tycyaly the pandemonium lord
 83514 | Zig:23   | Noticed Uczi the pandemonium lord
 83515 | Zig:23   | Noticed Nidias the pandemonium lord
 83515 | Zig:23   | Noticed Fes Enuz the pandemonium lord
 83516 | Zig:23   | Noticed Yziatz the pandemonium lord
 83538 | Zig:23   | Noticed Zaypautu the pandemonium lord
 83540 | Zig:23   | Noticed Xasam the pandemonium lord
 83543 | Zig:23   | Noticed Edghuetibb the pandemonium lord
 83544 | Zig:23   | Noticed Ehubb the pandemonium lord
 83554 | Zig:23   | Noticed Leatwiam the pandemonium lord
 83555 | Zig:23   | Killed Yziatz the pandemonium lord
 83560 | Zig:23   | Noticed Acriburo the pandemonium lord
 83563 | Zig:23   | HP: 3/179 [Edghuetibb the pandemonium lord (32)]
 83564 | Zig:23   | Slain by Edghuetibb the pandemonium lord

Illustrated notes

Levels and vault maps discovered:
D:1:      dpeg_arrival_arbitrary_b, layout_basic, hangedman_feature_mirror
D:2:      layout_basic, serial_shops, nicolae_shop_drivethru, uniq_sigmund
D:3:      layout_basic, grunt_temple_overflow_order_and_chaos_2,
          chequers_temple_overflow_minitemple, okawaru_altar_gauntlet_db,
          kennysheep_slug_shrine, amcnicky_altar_gilded,
          nicolae_ecumenical_lake_church, grunt_ministairs_4, item_on_display_a,
          uniq_natasha, uniq_jessica
D:4:      layout_basic, nicolae_ossuary_entry_ruins,
          chequers_serial_rivers_micro_c
D:5:      old_forge, layout_rooms, nemelex_diamond_rough_becter,
          mainiacjoe_overflow_swirl, temple_hall, minmay_fountain_box,
          uniq_crazy_yiuf_cottage
D:6:      layout_loops_cross, nicolae_hepliaklqana_monster_ancestors,
          serial_glass, glass_columns_b, glass_columns_b
D:7:      layout_cave_pools, nicolae_dithmenos_shadow_blocks,
          serial_bayou_lake_a
D:8:      layout_rooms, minmay_guarded_unrand_staff_of_olgreb, uniq_erica,
          uniq_psyche
D:9:      layout_irregular_city, serial_shops, shop
D:10:     layout_roguey, kennysheep_mini_moat, minmay_lair_entry_grove,
          serial_bayou, serial_bayou_pond_a, serial_bayou_pond_d,
          serial_bayou_pond_e, serial_bayou_lagoon_b, enter_bailey_3, uniq_sonja
D:11:     cheibrodos_fzero, layout_irregular_city, zombieorc1_lemuel,
          chequers_hall_statues_corner_a, nicolae_shop_fire_sale
          [nicolae_sub_dead_trees], chequers_garden,
          nicolae_shop_overcharged_wands
D:12:     layout_loops_ring, minmay_statues_item, kennysheep_small_spiral,
          minmay_hidden_floor
D:13:     layout_irregular_city, serial_co_window_serial, co_window_paths_a,
          co_window_cross_1, co_window_of_opportunity_a, co_window_paths_a,
          co_window_paths_b, co_window_corner_b, co_window_corner_b,
          co_window_cross_4, co_window_of_opportunity_b, co_window_2corner,
          co_window_4corner_b, glass_columns_a
D:14:     layout_stronghold, ximxim_vaults_locker_room, doesnt_xom_only_xom
D:15:     grunt_enter_depths_snipers, layout_basic, nicolae_wwwww,
          nicolae_blasting_shop, uniq_jorgrun
Lair:1:   layout_cave_pods, infiniplex_staircase_pool_2
Lair:2:   layout_regular_city, guppyfry_snake_entry_garden, basic_altar,
          eino_house_with_fridge, infiniplex_staircase_pool
Lair:3:   layout_layer_cave, minmay_swamp_entry_swarm,
          gammafunk_ghost_hydra_chop, basic_altar, wad_woods_road_05,
          lemuel_fruit_fields, uniq_nessos, uniq_prince_ribbit2
Lair:4:   layout_big_grid, minmay_slime_entry_oklob_open,
          gauntlet_entry_generic, nicolae_volcano_entry_vermiform, basic_altar,
          uniq_kirke
Lair:5:   minmay_lair_end_enchanted_forest, layout_small_grid,
          chequers_serial_rivers_micro_e
Swamp:1:  layout_basic_swamp, evilmike_swamp_ruin_house_5,
          nicolae_swamp_godswood, swamp_pool3, uniq_roxanne
Swamp:2:  layout_basic_swamp, evilmike_swamp_ruin_house_3,
          nicolae_swamp_orc_logging_accident
Swamp:3:  nzn_winding_woodlands_small [nzn_winding_woodlands_5x15_twine,
          nzn_winding_woodlands_center_lodge,
          nzn_winding_woodlands_5x15_pockets], layout_falls_marsh,
          nicolae_swamp_trees_clearing, swamp_pool3
Swamp:4:  swamp_old_school, layout_basic_swamp
Snake:1:  layout_onion_interference, basic_altar, uniq_donald
Snake:2:  layout_basic, serial_shops, nicolae_shop_waterfront,
          nicolae_stop_n_shop_1, nicolae_stop_n_shop_2, nicolae_shop_waterfront,
          st_stairs_5, nicolae_shop_firing_range, uniq_asterion
Snake:3:  layout_grid_maze, uniq_vashnia, uniq_aizul, uniq_nikola,
          uniq_bai_suzhen
Snake:4:  grunt_snake_rune_serpentine_throne, layout_gridlike,
          grunt_megastairs_4
Slime:1:  layout_caves
Slime:2:  layout_caves, nicolae_slime_phagocytosis
Slime:3:  layout_caves
Slime:4:  layout_caves
Slime:5
Orc:1:    layout_diamond_mine, serial_shops, nicolae_shop_waterfront,
          nicolae_shop_tiny_waterfront, basic_altar
Orc:2:    st_orc_open, layout_caves, gammafunk_ghost_arena, mines1_david
Elf:1:    nicolae_elf_arrival_fired_up, layout_geoelf_diagonals, serial_shops,
          shop, hangedman_elf_disciples
Elf:2:    nicolae_elf_blades_splatter_lattice
          [nicolae_blade_entry_crossed_weapons], layout_geoelf_diagonals,
          uniq_saint_roka
Elf:3:    minmay_elf_hall_spiked, layout_gridlike
Vaults:1: dpeg_vaults_monster_row, hangedman_vaults_stretched_pinwheel,
          nicolae_vaults_alarming, nicolae_vaults_closet_pinwheel_1,
          hangedman_vaults_trim, v_misc_18, nicolae_vaults_statue_guard,
          layout_vaults_omnicross, serial_shops, bzr_entry_islet
Vaults:2: v_misc_26, hangedman_vaults_slice, v_misc_27, v_misc_18, v_rooms_1,
          nicolae_vaults_heart-shaped_vault, nicolae_vaults_storage_room_glass,
          nicolae_vaults_tetromino_Z_1, v_misc_13,
          nicolae_vaults_security_offices_1, vaults_room_semicircle,
          layout_vaults_omnibox, serial_shops, shop, uniq_mennas
Vaults:3: ontoclasm_vaults_claustrophobia, nicolae_vaults_little_squares_3,
          minmay_crypt_entry_simple_sparse, nicolae_vaults_closet_pinwheel_2,
          ontoclasm_vaults_shout, nicolae_vaults_layer_cake_slice,
          ontoclasm_vaults_bender, layout_vaults_omnigrid, serial_shops,
          shop_fountains
Vaults:4: vaults_room_corners, nicolae_vaults_closet_pinwheel_4, v_rooms_2,
          nicolae_vaults_door_testing_chamber, grunt_vaults_funnel,
          nicolae_vaults_little_squares_1, v_misc_19, nicolae_vaults_what_the_h,
          nicolae_vaults_little_ls, nicolae_vaults_trapezoid_lopsided_1,
          layout_vaults_chaotic_city
Vaults:5
Depths:1: grunt_bent_corner, layout_basic, kennysheep_nub,
          hangedman_coc_ice_floe, mu_enter_wizlab_6, rand_demon_pan_entry_3,
          elyvilon_altar_4, minmay_shoptagon, infiniplex_staircase_pool_lava
Depths:2: minmay_containers, layout_cave_shapes, hangedman_decor_opposing,
          serial_shops, nicolae_shop_back_alley_shop, grunt_pan_entry_zigzag,
          nicolae_hell_entry_big_baal_hell, uniq_vv
Depths:3: cheibrodos_leafed_vault, layout_gridville, hell_entry, abyss_entry,
          serial_bayou_pond_a, led_sif_pool, uniq_margery, uniq_parghit,
          uniq_frederick
Depths:4: grunt_zot_entry_alcove, layout_basic, enter_ziggurat_b, serial_shops,
          shop, shop, nicolae_shop_scrapyard, shop, shop, pan_entry,
          grunt_qazlal_clouds, hell_entry, uniq_enchantress
Zot:1:    layout_concentric_octagons
Zot:2:    layout_gridlike
Zot:3:    kennysheep_ambush_hall, layout_onion, uniq_tiamat
Zot:4:    layout_basic
Zot:5:    layout_concentric_octagons
Zig:23

Skill      XL: |  1  2  3  4  5  6  7  8  9 10 11 12 13 14 15 16 17 18 19 20 21 22 23 24 25 26 27 |
---------------+----------------------------------------------------------------------------------+-----
Transmutations | 1 2 3 4 6 |  6.0
Earth Magic    | 4 5 6 7 8 9 10 12 13 15 16 17 18 19 21 22 24 26 27 | 27.0
Spellcasting   | 3 4 5 6 8 9 10 11 12 13 14 15 17 18 20 | 20.0
Conjurations   | 3 5 6 9 11 12 13 14 15 16 19 20 24 | 24.0
Fighting       | 8 9 12 14 16 20 | 20.0
Dodging        | 5 6 8 11 12 14 15 16 | 16.0
Translocations | 3 4 6 |  6.0
Shields        | 8 10 12 14 16 | 16.0
Fire Magic     | 2 10 16 24 | 24.0
Armour         | 19 | 19.0
Stealth        | |  2.1

Action                     |  1- 3 |  4- 6 |  7- 9 | 10-12 | 13-15 | 16-18 | 19-21 | 22-24 | 25-27 || total
---------------------------+-------+-------+-------+-------+-------+-------+-------+-------+-------++-------
  Melee: Unarmed           |    30 |       |       |       |       |       |       |       |       ||    30
         Dagger            |       |       |     4 |       |       |       |       |       |       ||     4
         Whip              |       |       |       |     5 |    70 |     7 |     6 |    19 |       ||   107
         Staff             |       |       |       |       |       |       |    36 |    10 |    15 ||    61
   Cast: Sandblast         |    50 |    78 |   165 |   122 |     9 |       |       |       |       ||   424
         Passwall          |       |     2 |       |       |       |       |       |       |       ||     2
         Stone Arrow       |       |       |    27 |   228 |   380 |   115 |     2 |     1 |       ||   753
         Iron Shot         |       |       |       |    25 |   165 |   307 |   357 |   119 |    21 ||   994
         Irradiate         |       |       |       |       |    14 |    65 |     5 |    24 |    27 ||   135
         Lee's Rapid Decon |       |       |       |       |     7 |    24 |    79 |    32 |     8 ||   150
         Iskenderun's Myst |       |       |       |       |       |     3 |       |     2 |       ||     5
         Lehudib's Crystal |       |       |       |       |       |     6 |    25 |   134 |   278 ||   443
         Shatter           |       |       |       |       |       |       |    14 |    76 |   195 ||   285
         Ignition          |       |       |       |       |       |       |       |       |    34 ||    34
         Fire Storm        |       |       |       |       |       |       |       |       |    25 ||    25
  Evoke: Wand              |       |       |       |       |       |       |     1 |    11 |    16 ||    28
    Use: Scroll            |       |       |    10 |    11 |    11 |    13 |     4 |    13 |    18 ||    80
         Potion            |       |       |       |       |     4 |     5 |     2 |    10 |    32 ||    53
 Armour: Robe              |    17 |    13 |    31 |    54 |   176 |   145 |    55 |    81 |    20 ||   592
         Acid dragon scale |       |       |       |       |       |       |       |       |   103 ||   103
         Ring mail         |       |       |       |       |       |       |       |       |    41 ||    41
  Dodge: Dodged            |    36 |    20 |    68 |    81 |   249 |   105 |    52 |   122 |   191 ||   924
  Block: Buckler           |       |       |       |       |    24 |     2 |       |       |       ||    26
         Kite shield       |       |       |       |       |       |   117 |    82 |   118 |   157 ||   474
         Reflection        |       |       |       |       |       |    21 |    34 |     9 |    18 ||    82
